 Dungeon Crawl Stone Soup version 0.29-a0-271-gd4eb659eea (webtiles) character file.

Game seed: 9331491926439895660

59 tsouns the Magician (level 3, -1/24 HPs)
             Began as a Demonspawn Hedge Wizard on Mar 8, 2022.
             Slain by a worm (10 damage)
             ... on level 2 of the Dungeon.
             The game lasted 00:04:00 (2701 turns).

tsouns the Magician (Demonspawn Hedge Wizard)       Turns: 2701, Time: 00:04:00

Health: -1/24      AC:  3    Str: 10    XL:     3   Next: 78%
Magic:  3/8        EV: 12    Int: 17    God:
Gold:   75         SH:  0    Dex: 14    Spells: 4/10 levels left

rFire   . . .      SeeInvis .   a - +0 dagger
rCold   . . .      Faith    .   (no shield)
rNeg    . . .      Spirit   .   b - +0 robe
rPois   .          Reflect  .   c - +0 hat
rElec   .          Harm     .   (no cloak)
rCorr   .          Rampage  .   (no gloves)
Will    .....                   e - +0 pair of boots
Stlth   +++.......              (no amulet)
HPRegen 0.08/turn               (no ring)
MPRegen 0.11/turn               (no ring)

@: no status effects
A: thin skeletal structure 1, foul stench 1
a: no special abilities


You were on level 2 of the Dungeon.
You visited 1 branch of the dungeon, and saw 2 of its levels.

You collected 75 gold pieces.

Inventory:

Hand Weapons
 a - a +0 dagger (weapon)
Missiles
 f - 4 poisoned darts
Armour
 b - a +0 robe (worn)
 c - a +0 hat (worn)
 e - a +0 pair of boots (worn)
Magical Staves
 n - a staff of air
Jewellery
 g - a ring of protection from fire
Scrolls
 m - a scroll of fog {unknown}
Potions
 d - a potion of magic
 h - a potion of cancellation {unknown}
 i - 2 potions of brilliance {unknown}
 j - a potion of flight {unknown}
 k - 2 potions of might {unknown}
 l - a potion of resistance {unknown}
 o - a potion of mutation {unknown}


   Skills:
 + Level 0.1 Fighting
 + Level 0.4 Short Blades
 - Level 1.7 Dodging
 - Level 1.7 Stealth
 + Level 4.0 Spellcasting
 + Level 2.0 Conjurations
 + Level 1.1 Summonings
 + Level 0.8 Translocations


You had 4 spell levels left.
You knew the following spells:

 Your Spells              Type           Power      Damage    Failure   Level
a - Magic Dart            Conj           40%        1d5       7%          1
b - Slow                  Hex            12%        N/A       16%         1
c - Call Imp              Summ           7%         N/A       16%         2
d - Blink                 Tloc           12%        N/A       17%         2

Your spell library contained the following spells:

 Spells                   Type           Power      Damage    Failure   Level
 Animate Skeleton         Necr           6%         N/A       16%         1
 Pain                     Necr           12%        1d4       16%         1
 Conjure Flame            Conj/Fire      6%         6-21      30%         3
 Mephitic Cloud           Conj/Pois/Air  5%         N/A       34%         3
 Ignite Poison            Fire/Tmut/Pois 3%         N/A       43%         3
 Vampiric Draining        Necr           3%         2d6       43%         3
 Sticky Flame             Conj/Fire      6%         2d3       71%         4


Dungeon Overview and Level Annotations

Branches:
Dungeon (2/15)

Altars:

Shops:
D:2 (


Innate Abilities, Weirdness & Mutations

You have a somewhat thin skeletal structure. (Dex +2, Stealth+)
You may rarely emit foul miasma when damaged in melee.


Message History

Aiming: Magic Dart (safe; 7% risk of failure)
Press: ? - help, Shift-Dir - straight line, f/p - worm
Aim: a worm (moderately wounded, 100% to hit)
The magic dart hits the worm.
The worm is moderately wounded.
The worm bites you but does no damage.
Casting: Magic Dart (safe; 7% risk of failure)
Confirm with . or Enter, or press ? or * to list all spells.
Aiming: Magic Dart (safe; 7% risk of failure)
Press: ? - help, Shift-Dir - straight line, f/p - worm
Aim: a worm (moderately wounded, 100% to hit)
The magic dart hits the worm.
The worm is moderately wounded.
Casting: Magic Dart (safe; 7% risk of failure)
Confirm with . or Enter, or press ? or * to list all spells.
Aiming: Magic Dart (safe; 7% risk of failure)
Press: ? - help, Shift-Dir - straight line, f/p - worm
Aim: a worm (moderately wounded, 100% to hit)
The magic dart hits the worm but does no damage.
The worm is moderately wounded.
The worm bites you.
You hit the worm.
The worm is moderately wounded.
You hit the worm but do no damage.
The worm is moderately wounded.
The worm barely misses you.
You completely miss the worm.
The worm is moderately wounded.
The worm bites you!
You hit the worm.
The worm is heavily wounded.
You hit the worm but do no damage.
The worm is heavily wounded.
The worm barely misses you.
You hit the worm.
The worm is heavily wounded.
You hit the worm but do no damage.
The worm is heavily wounded.
The worm bites you!
You die...

#... ..........# #..#
.......... ...........
.........#.. #
.#..........# .
..........#.#### ..
.....÷........# #..
#......÷@#.# ..
........w..#######
...#.##...............
......÷÷.#...#####..#
...#.##.........##..#
#.............##.#......
#................#...>..
+.............## #.....
#........w###.# #.....


You could see a worm.

Vanquished Creatures
  A worm (D:2)
  8 bats
  6 endoplasms
  3 giant cockroaches
  A goblin (D:2)
  2 hobgoblins
  7 jackals
  3 kobolds (D:1)
  A quokka (D:2)
  4 ball pythons
  2 frilled lizards
  4 rats (D:1)
42 creatures vanquished.

Vanquished Creatures (collateral kills)
  An adder (D:2)
1 creature vanquished.

Grand Total: 43 creatures vanquished

Notes
Turn   | Place    | Note
-------+----------+-------------------------------------------
     0 | D:1      | tsouns the Demonspawn Hedge Wizard began the quest for the
                  | Orb.
     0 | D:1      | Reached XP level 1. HP: 13/13 MP: 4/4
     2 | D:1      | Learned a level 1 spell: Slow
   386 | D:1      | Gained mutation: You may rarely emit foul miasma when
                  | damaged in melee. [demonic ancestry]
   386 | D:1      | Reached XP level 2. HP: 19/19 MP: 1/6
  1150 | D:1      | Learned a level 2 spell: Call Imp
  1153 | D:1      | Learned a level 2 spell: Blink
  1563 | D:1      | Gained mutation: You have a somewhat thin skeletal
                  | structure. (Dex +2, Stealth+) [demonic ancestry]
  1563 | D:1      | Reached XP level 3. HP: 23/24 MP: 2/8
  2154 | D:2      | Found Hubrynual's Antique Weapon Shoppe.
  2415 | D:2      | Reached skill level 4 in Spellcasting
  2701 | D:2      | Slain by a worm

Illustrated notes

Levels and vault maps discovered:
D:1:      saegor_arrival_simple_e, layout_loops_corners, serial_bayou_pond_d
D:2:      layout_basic, serial_shops, nicolae_shop_hallway_plus

Skill      XL: |  1  2  3 |
---------------+----------+-----
Spellcasting   | 4 |  4.0
Conjurations   | 2 |  2.0
Fighting       | |  0.1
Short Blades   | |  0.4
Dodging        | |  1.7
Stealth        | |  1.7
Summonings     | |  1.1
Translocations | |  0.8

Action                   || total
-------------------------++-------
Melee: Dagger            ||    73
       Punch             ||     1
 Cast: Magic Dart        ||   104
       Call Imp          ||     1
Armor: Robe              ||    27
Dodge: Dodged            ||    57

Table legend: (Time is in decaauts)
 A = Elapsed time spent in this place.
 B = Non-inter-level travel time spent in this place.
 C = Inter-level travel time spent in this place.
 D = Time resting spent in this place.
 E = Time spent auto-exploring this place.
 F = Levels seen in this place.
 G = Mean time per level.
                   A        B        C        D        E       F      G
               +--------+--------+--------+--------+--------+-----+--------+
         Total |   2702 |   2652 |     50 |      0 |   2320 |   2 | 1351.0 |
       Dungeon |   2702 |   2652 |     50 |      0 |   2320 |   2 | 1351.0 |
               +--------+--------+--------+--------+--------+-----+--------+

Top non-repeatable levels by time:
     D:1: 1983 daAuts
     D:2: 718 daAuts
